Description

As used vs Elazer on Galactic Process.

Replay - Elazer v uThermal: Game 4 - Galactic Process LE

Build Order

Get SALT Encoding   

  12  0:01  SCV  
  13  0:13  SCV  
  14  0:18  Supply Depot  
  14  0:25  SCV  
  15  0:39  SCV  
  15  0:41  Barracks  
  16  0:45  Refinery  
  16  0:51  SCV  
  17  0:59  Barracks  
  17  1:04  SCV  
  18  1:15  Barracks  
  18  1:20  SCV  
  19  1:28  Reaper  
  20  1:34  Refinery  
  20  1:46  Reaper  
  21  1:48  Orbital Command  
  21  1:57  Supply Depot  
  22  2:01  Reaper  
  22  2:10  Reaper  
  23  2:16  Supply Depot  
  23  2:20  Reaper  
  24  2:28  SCV  
  25  2:34  Reaper  
  26  2:42  Reaper  
  27  2:55  Reaper  
  28  3:00  Command Center  
  28  3:06  Reaper  
  28  3:10  SCV  
  30  3:14  Reaper  
  31  3:22  SCV  
  31  3:25  Supply Depot  
  33  3:27  Reaper  
  33  3:36  SCV  
  33  3:38  Reaper  
  35  3:48  SCV  
  36  4:00  SCV  
  37  4:03  Barracks Tech Lab  
  37  4:08  Factory  
  37  4:12  Barracks Reactor x2, SCV  
  37  4:13  Orbital Command  
  38  4:21  Marine  
  39  4:24  SCV  
  39  4:25  Stimpack  
  40  4:36  SCV  
  41  4:40  Marine  
  41  4:41  SCV  
  43  4:48  SCV  
  43  4:50  Marine x2  
  43  4:51  Marine x2  
  48  4:53  SCV  
  48  4:58  Marine  
  50  5:00  SCV  
  50  5:02  Supply Depot  
  50  5:05  SCV  
  52  5:08  Marine  
  52  5:11  Marine x3  
  52  5:12  SCV  
  55  5:17  SCV  
  57  5:22  Engineering Bay  
  57  5:24  Engineering Bay  
  57  5:25  Marine  
  57  5:27  Supply Depot, Starport, Factory Reactor  
  57  5:28  Marine  
  57  5:32  SCV  
  59  5:38  SCV  
  59  5:42  Marine  
  61  5:43  Marine  
  61  5:44  SCV  
  61  5:46  Supply Depot, Marine x2  
  65  5:54  Terran Infantry Weapons Level 1, Refinery  
  65  5:55  Terran Infantry Armor Level 1  
  65  5:56  Marine  
  66  6:03  SCV  
  67  6:04  Marine  
  67  6:08  SCV  
  67  6:11  Factory Tech Lab  
  69  6:12  Medivac  
  69  6:13  Medivac  
  72  6:20  SCV  
  72  6:22  Marine x2, SCV  
  72  6:23  Marine x2  
  78  6:27  Marine  
  78  6:32  SCV  
  80  6:40  Marine  
  80  6:42  SCV  
  80  6:43  Supply Depot  
  80  6:45  Marine  
  83  6:48  Marine  
  83  6:49  Command Center, Marine  
  83  6:53  SCV  
  86  6:54  Supply Depot  
  86  6:59  Armory  
  86  7:04  Refinery, Marine x2  
  86  7:06  Supply Depot, Marine  
  89  7:09  Marine  
  89  7:10  Marine  
  91  7:22  Marine x2  
  92  7:23  SCV  
  92  7:24  Marine  
  92  7:26  SCV  
  92  7:27  Marine x2  
  97  7:34  Siege Tank  
  97  7:35  Medivac  
  97  7:37  Supply Depot  
  102  7:40  Marine  
  102  7:41  Marine  
  102  7:42  Marine  
  99  7:44  Marine  
  99  7:45  Marine  
  99  7:53  Medivac  
  99  7:58  Marine  
  99  7:59  Marine  
  99  8:02  Orbital Command  
  99  8:05  Marine x2  
  97  8:28  Missile Turret x2  
Spawning Tool Build Advisor. Get it on Overwolf

Go to:

Details

  • Created by: cjbprime
  • Published on: Dec 01, 2016
  • Modified on: Dec 01, 2016
  • Patch: Pre-3.8.0
Show
View Real Time Build Order
Export as new Build Order

Comments (1)

On Dec. 2, 2016, 11:35 a.m., legend  said:

This is an identical copy of
http://lotv.spawningtool.com/build/40841/
and the funny thing is that it isn't uThermal's nor ByuN's build order concept.

Create an account to comment!